 Dungeon Crawl Stone Soup version 0.30-a0-1103-g25895a7845 (webtiles) character file.

Game seed: 15188252345372106104

38 retardedninja the Firebug (level 3, 0/25 HPs)
             Began as a Gnoll Fire Elementalist on Apr 18, 2023.
             Slain by a scorpion (4 damage)
             ... on level 3 of the Dungeon.
             The game lasted 00:03:02 (1903 turns).

retardedninja the Firebug (Gnoll Fire Elementalist) Turns: 1903, Time: 00:03:03

Health: 0/25       AC:  5    Str:  7    XL:     3   Next: 43%
Magic:  2/9        EV: 13    Int: 16    God:
Gold:   140        SH:  0    Dex: 12    Spells: 11/12 levels left

rFire   + . .      SeeInvis .    (no weapon)
rCold   + . .      Faith    .    (no shield)
rNeg    . . .      Spirit   .    a - +0 robe
rPois   +          Reflect  .    k - +2 hat
rElec   +          Rampage  .    j - +0 cloak
rCorr   +                        (no gloves)
Will    .....                    (no boots)
Stlth   ++                       (no amulet)
HPRegen 0.24/turn                (no ring)
MPRegen 0.11/turn                (no ring)

@: lethally poisoned (0 -> -4), resistant
A: fangs 1, strong nose, distributed training
a: no special abilities


You were on level 3 of the Dungeon.
You visited 1 branch of the dungeon, and saw 3 of its levels.

You collected 140 gold pieces.

Inventory:

Armour
 a - a +0 robe (worn)
 j - a +0 cloak (worn)
 k - a +2 hat (worn)
Scrolls
 c - 2 scrolls of vulnerability {unknown}
 e - 3 scrolls of teleportation {unknown}
 f - a scroll of enchant weapon {unknown}
 g - a scroll of blinking {unknown}
 h - 3 scrolls of identify {unknown}
Potions
 b - a potion of magic
 d - a potion of resistance
 i - a potion of lignification {unknown}
 l - a potion of might {unknown}
 m - a potion of curing {unknown}


   Skills:
 + Level 0.8 Fighting
 + Level 0.8 Short Blades
 + Level 0.8 Long Blades
 + Level 0.8 Axes
 + Level 0.8 Maces & Flails
 + Level 0.8 Polearms
 + Level 0.8 Staves
 + Level 0.8 Ranged Weapons
 + Level 0.8 Throwing
 + Level 0.8 Armour
 + Level 4.5 Dodging
 + Level 4.1 Stealth
 + Level 0.8 Shields
 + Level 0.8 Unarmed Combat
 + Level 5.0 Spellcasting
 + Level 2.1 Conjurations
 + Level 0.5 Hexes
 + Level 0.5 Summonings
 + Level 0.5 Necromancy
 + Level 0.5 Translocations
 + Level 0.5 Transmutations
 + Level 5.4 Fire Magic
 + Level 0.5 Ice Magic
 + Level 0.5 Air Magic
 + Level 0.5 Earth Magic
 + Level 0.5 Poison Magic
 + Level 1.0 Invocations
 + Level 0.8 Evocations


You had 11 spell levels left.
You knew the following spells:

 Your Spells              Type           Power      Damage    Failure   Level
a - Foxfire               Conj/Fire      64%        2x1d7     3%          1

Your spell library contained the following spells:

 Spells                   Type           Power      Damage    Failure   Level
 Scorch                   Fire           42%        2d6       2%          2
 Inner Flame              Hex/Fire       13%        N/A       13%         3
 Volatile Blastmotes      Fire/Tloc      26%        2d12      13%         3
 Sublimation of Blood     Necr           5%         N/A       19%         2
 Wereblood                Tmut           5%         N/A       19%         2
 Flame Wave               Conj/Fire      16%        2d7       32%         4
 Summon Hydra             Summ           2%         N/A       100%        7


Dungeon Overview and Level Annotations

Branches:
Dungeon (3/15)

Altars:

Shops:
D:1 !   D:2 [


Innate Abilities, Weirdness & Mutations

You have very sharp teeth.
Your uncanny sense of smell can sniff out nearby items.
Your experience applies equally to all skills.


Message History

You conjure some foxfire!
A scorpion comes into view.
You conjure some foxfire!
The foxfire hits the kobold.
The kobold is moderately wounded.
The foxfire hits the kobold.
The kobold is severely wounded.
The foxfire hits the kobold but does no damage.
The kobold is severely wounded.
The foxfire hits the scorpion but does no damage.
There are monsters nearby!
You conjure some foxfire!
The foxfire hits the kobold.
You kill the kobold!
The foxfire hits the scorpion.
The scorpion is moderately wounded.
You conjure some foxfire!
The scorpion stings you.
The foxfire hits the scorpion but does no damage.
The scorpion is moderately wounded.
The foxfire hits the scorpion.
The scorpion is heavily wounded.
The scorpion stings you but does no damage.
You conjure some foxfire!
The scorpion barely misses you.
The foxfire hits the scorpion but does no damage.
The scorpion is heavily wounded.
The foxfire hits the scorpion.
The scorpion is severely wounded.
The scorpion stings you! The scorpion stings you.
You are poisoned.
The scorpion poisons you!
You are too injured to fight recklessly!
You feel sick. The scorpion stings you.
* * * LOW HITPOINT WARNING * * *
The scorpion barely misses you.
Unknown command.
It was a potion of resistance.
You feel protected.
* * * LOW HITPOINT WARNING * * *
You feel sick. The scorpion stings you.
You die...

#####.#####
....[.....#
#....?...#
##........#
.......)..#
#........#
#....s...#
#.....@).#
###.######


You could see a scorpion.

Vanquished Creatures
  A ball python (D:1)
  3 endoplasms (D:1)
  2 giant cockroaches (D:1)
  6 goblins
  5 hobgoblins
  2 jackals (D:1)
  A quokka (D:3)
  A bat (D:1)
  2 frilled lizards (D:1)
  4 kobolds
  6 rats
33 creatures vanquished.

Vanquished Creatures (others)
  114 foxfires
114 creatures vanquished.

Grand Total: 147 creatures vanquished

Notes
Turn   | Place    | Note
-------+----------+-------------------------------------------
     0 | D:1      | retardedninja the Gnoll Fire Elementalist began the quest
                  | for the Orb.
     0 | D:1      | Reached XP level 1. HP: 13/13 MP: 6/6
   209 | D:1      | Found Yvopt's Distillery.
   275 | D:1      | Reached XP level 2. HP: 19/19 MP: 2/7
   930 | D:1      | Reached skill level 5 in Spellcasting
   930 | D:1      | Reached XP level 3. HP: 25/25 MP: 5/9
  1261 | D:2      | Found a faded altar of an unknown god.
  1300 | D:2      | Found Rukkahiw's Armour Shoppe.
  1871 | D:3      | Reached skill level 1 in Invocations
  1892 | D:3      | Noticed a scorpion
  1903 | D:3      | Slain by a scorpion

Illustrated notes

Levels and vault maps discovered:
D:1:      ncdulo_halloftheorcs, layout_basic, serial_shops,
          nicolae_shop_temple_entry_statues_fountains
D:2:      layout_basic, serial_aquarium, aquarium_bridge_square
          [aquarium_subvault_bridge, aquarium_subvault_balcony,
          aquarium_subvault_wall, aquarium_subvault_wall],
          aquarium_window_corridor_1, aquarium_window_1, aquarium_window_fake,
          aquarium_view_2f, aquarium_view_2e, aquarium_pool_1, serial_shops,
          nicolae_shop_window_shopping, hellmonk_ecumenical_altar_crossroads
D:3:      layout_rooms, lemuel_crystal_altar, lexackson_kobold_supper

Skill      XL: |  1  2  3 |
---------------+----------+-----
Conjurations   | 2 |  2.1
Spellcasting   | 5 |  5.0
Invocations    | 1 |  1.0
Fighting       | |  0.8
Short Blades   | |  0.8
Long Blades    | |  0.8
Axes           | |  0.8
Maces & Flails | |  0.8
Polearms       | |  0.8
Staves         | |  0.8
Ranged Weapons | |  0.8
Throwing       | |  0.8
Armour         | |  0.8
Dodging        | |  4.5
Stealth        | |  4.1
Shields        | |  0.8
Unarmed Combat | |  0.8
Hexes          | |  0.5
Summonings     | |  0.5
Necromancy     | |  0.5
Translocations | |  0.5
Transmutations | |  0.5
Fire Magic     | |  5.4
Ice Magic      | |  0.5
Air Magic      | |  0.5
Earth Magic    | |  0.5
Poison Magic   | |  0.5
Evocations     | |  0.8

Action                     || total
---------------------------++-------
  Melee: Unarmed           ||     3
         Bite              ||     1
   Cast: Foxfire           ||    70
    Use: Potion            ||     1
 Armour: Robe              ||    10
  Dodge: Dodged            ||    19

Table legend: (Time is in decaauts)
 A = Elapsed time spent in this place.
 B = Non-inter-level travel time spent in this place.
 C = Inter-level travel time spent in this place.
 D = Time resting spent in this place.
 E = Time spent auto-exploring this place.
 F = Levels seen in this place.
 G = Mean time per level.
                   A        B        C        D        E       F      G
               +--------+--------+--------+--------+--------+-----+--------+
         Total |   1902 |   1843 |     59 |      0 |   1604 |   3 |  634.0 |
       Dungeon |   1902 |   1843 |     59 |      0 |   1604 |   3 |  634.0 |
               +--------+--------+--------+--------+--------+-----+--------+

Top non-repeatable levels by time:
     D:1: 1071 daAuts
     D:2: 795 daAuts
     D:3: 35 daAuts
